 Dungeon Crawl Stone Soup version 0.28.0 (webtiles) character file.

Game seed: 16634930937387855756

79 MacCMillion the Skirmisher (level 4, -4/40 HPs)
             Began as a Hill Orc Fighter on Feb 11, 2022.
             Slain by an orc priest (6 damage)
             ... on level 3 of the Dungeon.
             The game lasted 00:03:16 (2336 turns).

MacCMillion the Skirmisher (Hill Orc Fighter)       Turns: 2336, Time: 00:03:17

Health: -4/40      AC:  8    Str: 20    XL:     4   Next: 37%
Magic:  4/4        EV:  9    Int:  8    God:
Gold:   81         SH:  4    Dex: 10    Spells: 3/3 levels left

rFire   . . .      SeeInvis .   a - +0 war axe
rCold   . . .      Faith    .   c - +0 buckler
rNeg    . . .      Spirit   .   b - +0 scale mail
rPois   .          Reflect  .   (no helmet)
rElec   .          Harm     .   (no cloak)
rCorr   .          Rampage  .   m - +0 pair of gloves
Will    .....                   (no boots)
Stlth   ..........              (no amulet)
HPRegen 0.13/turn               (no ring)
MPRegen 0.09/turn               (no ring)

@: no status effects
A: no striking features
a: Convert to Beogh


You were on level 3 of the Dungeon.
You visited 1 branch of the dungeon, and saw 4 of its levels.

You collected 81 gold pieces.

Inventory:

Hand Weapons
 a - a +0 war axe (weapon)
Armour
 b - a +0 scale mail (worn)
 c - a +0 buckler (worn)
 m - a +0 pair of gloves (worn)
 n - a +0 chain mail
Jewellery
 l - a ring of see invisible
Scrolls
 e - a scroll of enchant armour {unknown}
 h - a scroll of fog {unknown}
Potions
 d - a potion of might
 f - a potion of haste {unknown}
 g - a potion of curing {unknown}
 i - a potion of mutation {unknown}
 j - a potion of cancellation {unknown}
 k - a potion of degeneration {unknown}


   Skills:
 + Level 4.2 Fighting
 * Level 4.2 Axes
 + Level 3.9 Armour
 + Level 3.8 Shields


You had 3 spell levels left.
You didn't know any spells.
Your spell library was empty.

Dungeon Overview and Level Annotations

Branches:
Dungeon (4/15)
 Temple: D:4-7

Altars:
Cheibriados


Message History

The kobold hits you with a +0 short sword.
* * * LOW HITPOINT WARNING * * *
The gnoll barely misses you. The kobold hits you but does no damage.
There is an open door here.
The kobold throws a stone.
The stone hits you but does no damage.
Found a scroll labelled BERCHI OSELEES.
Found a chain mail.
You see here a +0 chain mail.
n - a +0 chain mail You block the kobold's attack.
The gnoll hits you from afar with a +0 spear.
* * * LOW HITPOINT WARNING * * *
The gnoll barely misses you. The kobold hits you but does no damage.
The gnoll hits you but does no damage. The gnoll hits you but does no damage.
An endoplasm comes into view.
The endoplasm quivers.
There is an escape hatch in the ceiling here.
You block the kobold's attack. A mysterious force pulls you upwards.
The hatch slams shut behind you.
You slash the kobold!
You kill the kobold!
Found a stone staircase leading down.
You start resting.
You start resting.
An orc priest is nearby!
You start resting.
An orc priest is nearby!
The orc priest shouts!
You hear an angry hiss.
The orc priest calls down the wrath of Beogh upon you.
Pain shoots through your body!
* * * LOW HITPOINT WARNING * * *
You hit the orc priest.
The orc priest is lightly wounded.
The orc priest hits you with a +0 trident.
* * * LOW HITPOINT WARNING * * *
A frilled lizard comes into view.
You barely miss the orc priest.
The orc priest hits you with a +0 trident.
You die...

# # # ########### #
####.........#########
####....................#
...>....@................
l##.##o###.§≈§§≈≈≈≈≈.#.#
#.###§≈.......§.#.#
#.....§.♣♣♣.♣.≈...#
......#)≈.♣...♣.≈...# #+#
#####.o.§.♣._.♣.≈.#.# #.#
#...§§♣...♣.≈.#..
#####.#####
#...≈§♣.♣♣♣.§.###
#...'.'...#
#...≈..§....§§...


You could see an orc priest and a frilled lizard.

Vanquished Creatures
  An adder skeleton (D:2)
  2 worms
  2 dart slugs (D:1)
  3 orcs
  3 bats
  2 endoplasms
  3 giant cockroaches
  7 goblins
  8 hobgoblins
  3 jackals (D:1)
  8 ball pythons
  6 frilled lizards
  6 kobolds
  3 rats
57 creatures vanquished.

Notes
Turn   | Place    | Note
-------+----------+-------------------------------------------
     0 | D:1      | MacCMillion the Hill Orc Fighter began the quest for the
                  | Orb.
     0 | D:1      | Reached XP level 1. HP: 19/19 MP: 1/1
   208 | D:1      | Reached XP level 2. HP: 21/27 MP: 2/2
   517 | D:1      | Reached XP level 3. HP: 29/33 MP: 3/3
   642 | D:1      | HP: 1/33 [poisoned by a goblin]
  1649 | D:2      | Reached XP level 4. HP: 39/40 MP: 4/4
  2117 | D:3      | Found a snail-covered altar of Cheibriados.
  2335 | D:3      | HP: 2/40 [orc priest (2)]
  2336 | D:3      | Slain by an orc priest

Illustrated notes

Levels and vault maps discovered:
D:1:      minmay_arrival_three_doors, layout_loops_corners,
          chequers_serial_rivers_room_b, chequers_serial_rivers_small_3,
          hangedman_abyss_or_decor_stabs, st_stairs_13, kennysheep_crisscross,
          minmay_close_crescents
D:2:      layout_rooms, serial_corexii_hall, chequers_hall_statues_wall_a,
          corexii_hall_statues_u, chequers_hall_statues_wall_a, corner_web_ring
D:3:      layout_loops_ring, mainiacjoe_overflow_brackets, minmay_door_square,
          st_stairs_7
D:4:      layout_basic, mainiacjoe_overflow_24_doors, minmay_misc_feat_chi,
          grunt_ministairs_10, uniq_edmund

Skill      XL: |  1  2  3 |
---------------+----------+-----
Axes           | 3 4 |  4.2
Fighting       | 4 |  4.2
Armour         | |  3.9
Shields        | |  3.8

Action                   |  1- 3 |  4- 6 || total
-------------------------+-------+-------++-------
Melee: War axe           |   118 |    64 ||   182
Armor: Scale mail        |    46 |    29 ||    75
Dodge: Dodged            |    45 |    30 ||    75
Block: Buckler           |    28 |    12 ||    40
